 Dungeon Crawl Stone Soup version 0.31-a0-702-gf82c85558f (webtiles) character file.

Game seed: 9176796733825133787

172 qw the Shooter (level 5, 0/32 HPs)
             Began as a Gargoyle Hunter on Sept 8, 2023.
             Slain by an orc wizard
             ... wielding a +0 dagger
              (1 damage)
             ... on level 4 of the Dungeon.
             The game lasted 00:00:54 (2277 turns).

qw the Shooter (Gargoyle Hunter)                    Turns: 2277, Time: 00:00:55

Health: 0/32       AC:  9    Str: 15    XL:     5   Next: 52%
Magic:  5/5        EV: 11    Int:  9    God:
Gold:   211        SH:  0    Dex: 15    Spells: 4/4 levels left

rFire   . . .        Y - +0 orcbow
rCold   . . .        (shield currently unavailable)
rNeg    + . .        c - +0 leather armour
rPois   inf          f - +0 helmet
rElec   +            h - +0 cloak of Restlessness {rCorr}
rCorr   +            (no gloves)
SInv    .            (no boots)
Will    .....        (no amulet)
Stlth   +            (no ring)
HPRegen 0.25/turn    (no ring)
MPRegen 0.09/turn

%: no passive effects
@: confused
A: sickness immunity, AC +4, negative energy resistance 1, electricity
resistance, torment resistance 1, petrification resistance
a: no special abilities


You were on level 4 of the Dungeon.
You visited 1 branch of the dungeon, and saw 4 of its levels.

You collected 211 gold pieces.


Innate Abilities, Weirdness & Mutations

You are immune to sickness and miasma.
Your stone body is resilient. (AC +4)
You are immune to poison.
You resist negative energy. (rN+)
You are resistant to electric shocks. (rElec)
You are resistant to unholy torment.
You are immune to petrification.


   Skills:
 + Level 3.0 Fighting
 - Level 6.2 Ranged Weapons
 - Level 1.0 Armour
 - Level 1.5 Dodging
 - Level 1.1 Stealth


You had 4 spell levels left.
You didn't know any spells.
Your spell library was empty.

Inventory:

Hand Weapons
 Y - a +0 orcbow (weapon)
Armour
 c - a +0 leather armour (worn)
 f - a +0 helmet (worn)
 h - the +0 cloak of Restlessness (worn) {rCorr}
   (You found it on level 2 of the Dungeon)

   rCorr:     It protects you from acid and corrosion.
 j - a +0 ring mail of cold resistance
Scrolls
 g - a scroll of teleportation
Potions
 a - a potion of degeneration {unknown}
 b - a potion of resistance {unknown}
 d - a potion of lignification {unknown}
 e - a potion of haste {unknown}
 k - a potion of magic {unknown}

Dungeon Overview and Level Annotations

Branches:
Dungeon (4/15)
 Temple: D:4-7

Altars:

Shops:
D:3 (


Message History

Something hits you.
You hear some strange, mumbled words.
You are more confused.
Something hits you but does no damage. x2
Something hits you but does no damage. x2
Something hits you. x2
You hear some strange, mumbled words.
You are more confused.
Something hits you but does no damage. Something hits you but does no damage.
Something hits you.
You hear some strange, mumbled words.
A magic dart appears from out of thin air!
The magic dart hits you.
You hear some strange, mumbled words.
You are more confused.
Something hits you but does no damage. x2
An orc wizard appears from thin air!
Reactivating autopickup.
The orc wizard hits you but does no damage.
Something hits you but does no damage.
Deactivating autopickup; reactivate with Ctrl-A.
The orc wizard barely misses you. Something hits you but does no damage.
You hear some strange, mumbled words.
A puff of flame appears from out of thin air!
The puff of flame hits you!
The orc wizard hits you but does no damage.
Something hits you but does no damage.
The orc wizard hits you but does no damage.
The orc wizard hits you but does no damage.
Something hits you but does no damage.
The orc wizard hits you but does no damage.
Something hits you. Something hits you but does no damage.
The orc wizard hits you but does no damage.
The orc wizard casts a spell at you. The magic dart hits you.
Something hits you but does no damage.
You hear some strange, mumbled words.
You are more confused.
The orc wizard hits you with a +0 dagger.
You die...

#...#..#.#
#.#.#..#.#
.. .#
#........#
.. .#
#.#......#
....
#.######.#
.#. #.#
#.# .. ..#
#.# S# #.#
#.######o#
#......@{#
##########


You could see an orc wizard and an adder.

Vanquished Creatures
  Blork the orc (D:4)
  Robin (D:2)
  3 adders
  A dart slug (D:1)
  3 worms
  4 orcs
  4 endoplasms
  2 giant cockroaches
  11 goblins
  8 hobgoblins
  3 quokkas
  7 ball pythons
  3 bats
  5 frilled lizards (D:3)
  3 kobolds
  3 rats
62 creatures vanquished.

Notes
Turn   | Place    | Note
-------+----------+-------------------------------------------
     0 | D:1      | qw the Gargoyle Hunter began the quest for the Orb.
     0 | D:1      | Reached XP level 1. HP: 12/12 MP: 1/1
     0 | D:1      | 0 ||| qw: Version: 0.3-a-76-g4403597
     0 | D:1      | 0 ||| qw: Game counter: 1036
     0 | D:1      | 0 ||| qw: Melee chars always use a shield: true
     0 | D:1      | 0 ||| qw: God list: Okawaru
     0 | D:1      | 0 ||| qw: Allow faded altars: false
     0 | D:1      | 0 ||| qw: Do Orc after clearing Dungeon:15 true
     0 | D:1      | 0 ||| qw: Do second Lair branch before Depths: true
     0 | D:1      | 0 ||| qw: Lair rune preference: random
     0 | D:1      | 0 ||| qw: Goals: Normal
     0 | D:1      | 0 ||| PLANNING D:1-11
   188 | D:1      | Reached XP level 2. HP: 17/17 MP: 2/2
   583 | D:1      | 583 ||| READING scroll labelled ZADDES RIMUN.
   586 | D:1      | 586 ||| READING scroll labelled POCVEW GUADU.
   587 | D:1      | 587 ||| DRINKING 2 lumpy clear potions.
   691 | D:1      | 691 ||| DROPPING scroll of butterflies.
   692 | D:1      | 692 ||| DROPPING potion of berserk rage.
   722 | D:2      | 722 ||| STAIRDANCE
   731 | D:2      | 731 ||| STAIRDANCE
   737 | D:2      | 737 ||| STAIRDANCE
   751 | D:2      | Reached XP level 3. HP: 21/21 MP: 3/3
   778 | D:2      | Reached skill level 5 in Ranged Weapons
   924 | D:2      | 924 ||| FLEEEEING.
   925 | D:2      | 925 ||| FLEEEEING.
   926 | D:2      | 926 ||| FLEEEEING.
   936 | D:2      | Noticed Robin
   944 | D:2      | Killed Robin
   949 | D:2      | Reached skill level 3 in Fighting
  1163 | D:2      | Identified the +0 cloak of Restlessness {rCorr}
  1176 | D:2      | Reached XP level 4. HP: 28/28 MP: 4/4
  1444 | D:2      | 1444 ||| UPGRADING to +0 helmet.
  1449 | D:2      | 1449 ||| UPGRADING to +0 cloak of Restlessness {rCorr}.
  1454 | D:2      | 1454 ||| DROPPING ring of flight.
  1455 | D:2      | 1455 ||| READING scroll labelled YTHOSHROLEA.
  1456 | D:2      | 1456 ||| DRINKING 2 inky potions.
  1782 | D:3      | Reached skill level 1 in Armour
  1824 | D:3      | 1824 ||| SWAPPING to +0 orcbow.
  1826 | D:3      | 1826 ||| DROPPING +1 shortbow.
  2011 | D:3      | Found Idinyn's Antique Weapon Emporium.
  2099 | D:3      | 2099 ||| READING scroll labelled SOETEX KONKID.
  2120 | D:4      | Noticed Blork the orc
  2121 | D:4      | 2121 ||| STAIRDANCE
  2126 | D:4      | 2126 ||| STAIRDANCE
  2134 | D:4      | 2134 ||| STAIRDANCE
  2194 | D:4      | Killed Blork the orc
  2195 | D:4      | Reached skill level 6 in Ranged Weapons
  2195 | D:4      | Reached XP level 5. HP: 32/32 MP: 5/5
  2245 | D:4      | 2245 ||| DRINKING potion of curing.
  2245 | D:4      | 2245 ||| (to cure confusion)
  2271 | D:4      | HP: 6/32 [something/puff of flame (9)]
  2276 | D:4      | HP: 1/32 [orc wizard/magic dart (4)]
  2277 | D:4      | Slain by an orc wizard

Levels and vault maps discovered:
D:1:      roderic_crop_circles_arrival_small, layout_basic, moated_statue
D:2:      wander_river, layout_loops_ring, minmay_tall_x, uniq_robin
D:3:      layout_basic, serial_shops, nicolae_shop_competitors_out_of_business,
          minivault_26
D:4:      layout_basic, mainiacjoe_overflow_tiny_flanked,
          hangedman_decor_points, minmay_manual_monstrance, uniq_blork_the_orc,
          uniq_menkaure, uniq_pargi

Skill      XL: |  1  2  3  4 |
---------------+-------------+-----
Ranged Weapons | 5 6 |  6.2
Fighting       | 3 |  3.0
Armour         | 1 |  1.0
Dodging        | |  1.5
Stealth        | |  1.1

Action                     |  1- 3 |  4- 6 || total
---------------------------+-------+-------++-------
   Fire: Shortbow          |    88 |    47 ||   135
         Orcbow            |       |    43 ||    43
    Use: Scroll            |     2 |     2 ||     4
         Potion            |     1 |     2 ||     3
 Armour: Leather armour    |    29 |    83 ||   112
  Dodge: Dodged            |    27 |    34 ||    61

Table legend:
 A = Non-vault XP
 B = Vault XP
 C = Vault XP percentage of total XP
 D = Non-vault monster count
 E = Vault monster count
 F = Vault count percentage of total count
                 A         B        C        D         E       F
            +---------+---------+-------+---------+---------+-------
      Total |     121 |     125 |  50.8 |      46 |      16 |  25.8
            +---------+---------+-------+---------+---------+-------
        D:1 |      24 |       4 |  14.3 |      13 |       2 |  13.3
        D:2 |      48 |      39 |  44.8 |      11 |      13 |  54.2
        D:3 |      40 |       0 |   0.0 |      18 |       0 |   0.0
        D:4 |       9 |      82 |  90.1 |       4 |       1 |  20.0
            +---------+---------+-------+---------+---------+-------
